 Dungeon Crawl Stone Soup version 0.28.0 (webtiles) character file.

Game seed: 2526870090140123741

105 GrayStillPlays the Skirmisher (level 4, -6/37 HPs)
             Began as a Demonspawn Fighter on Feb 13, 2022.
             Killed from afar by an orc wizard (10 damage)
             ... with a puff of flame
             ... on level 3 of the Dungeon.
             The game lasted 00:02:49 (1890 turns).

GrayStillPlays the Skirmisher (Demonspawn Fighter)  Turns: 1890, Time: 00:02:49

Health: -6/37      AC: 11    Str: 19    XL:     4   Next: 54%
Magic:  4/4        EV:  9    Int:  9    God:
Gold:   112        SH:  4    Dex: 12    Spells: 3/3 levels left

rFire   . . .      SeeInvis .   a - +0 war axe {axe}
rCold   . . .      Faith    .   c - +0 buckler
rNeg    . . .      Spirit   .   b - +0 scale mail
rPois   .          Reflect  .   (no helmet)
rElec   .          Harm     .   (no cloak)
rCorr   .          Rampage  .   (no gloves)
Will    .....                   h - +0 pair of boots
Stlth   ..........              (no amulet)
HPRegen 0.12/turn               (no ring)
MPRegen 0.09/turn               (no ring)

@: no status effects
A: molten scales 2
a: no special abilities


You were on level 3 of the Dungeon.
You visited 1 branch of the dungeon, and saw 3 of its levels.

You collected 112 gold pieces.


Innate Abilities, Weirdness & Mutations

You are mostly covered in molten scales. (AC +3)


   Skills:
 + Level 3.7 Fighting
 + Level 2.6 Axes
 + Level 3.3 Armour
 + Level 3.3 Shields


You had 3 spell levels left.
You didn't know any spells.
Your spell library contained the following spells:

 Spells                   Type           Power      Damage    Failure   Level
 Sandblast                Erth           0%         2d4       85%         1
 Ensorcelled Hibernation  Hex/Ice        0%         N/A       94%         2
 Passwall                 Tmut/Erth      0%         N/A       94%         2
 Stone Arrow              Conj/Erth      0%         3d7       99%         3
 Swiftness                Air            0%         N/A       99%         3

Inventory:

Hand Weapons
 a - a +0 war axe (weapon) {axe}
Missiles
 e - 97 stones (quivered) {throwing}
 i - 5 poisoned darts {throwing}
 m - 12 arrows
Armour
 b - a +0 scale mail (worn)
 c - a +0 buckler (worn)
 h - a +0 pair of boots (worn)
   (You found it on level 1 of the Dungeon)
 n - a +2 pair of gloves
   (You found it on level 2 of the Dungeon)
Jewellery
 f - an amulet of faith {!P}
   (You found it on level 1 of the Dungeon)
Scrolls
 j - 2 scrolls of teleportation {unknown}
 l - a scroll of amnesia {unknown}
 o - a scroll of identify {unknown}
 p - a scroll of immolation {!r!r}
Potions
 d - a potion of might
 g - a potion of curing {unknown}
 k - 2 potions of mutation {unknown}

Dungeon Overview and Level Annotations

Branches:
Dungeon (3/15)

Altars:

##...###.###
#.##.# ##.##
#.# #.##.#
#.# #.#
...#.#
#.####<#
...#.#
#......# ...
######.# .#
#.# .# #.#
#.##
#@###...##.#
#.{........#
#.))....###
####.#.##
#.# # #.#
#.# #.# #.#


There were no monsters in sight!


Message History

You slash the kobold!
You kill the kobold!
No target in view!
No target in view!
Things that are here:
a +0 dagger {short}; a kobold corpse
There is a stone staircase leading down here.
A bat comes into view.
A bat is nearby!
You closely miss the bat. The bat hits you but does no damage. x2
You hit the bat.
You kill the bat!
No target in view!
No target in view!
No target in view!
Found a stone staircase leading up.
There is a stone staircase leading up here.
An orc comes into view. It is wielding a +0 flail.
The orc shouts!
You hear a shout!
An orc wizard comes into view. It is wielding a +0 dagger.
There are monsters nearby!
An orc comes into view. It is wielding a +0 club.
The orc closely misses you.
You closely miss the orc.
The orc hits you with a +0 flail. 😕 HP[-6]
You take 6 damage, and now have 31/37 hp.
You closely miss the orc wizard. You hit the orc.
The orc wizard casts a spell.
The orc wizard flickers and vanishes!
Deactivating autopickup; reactivate with Ctrl-A.
The orc hits you but does no damage.
You slash the orc!
You kill the orc!
You hit something. You hit the orc. The orc hits you with a +0 club.
Something hits you but does no damage. 😕 HP[-3]
You take 3 damage, and now have 28/37 hp.
You hit the orc. You closely miss something.
The orc hits you but does no damage. Something hits you but does no damage.
You block the orc's attack.
Something hits you but does no damage. 😕 HP[+1]
You closely miss the orc. You completely miss something.
The orc hits you but does no damage. Something hits you but does no damage.
You closely miss the orc. You hit something. The orc hits you with a +0 club.
You hear some strange, mumbled words.
You are confused.
Something hits you. The orc closely misses you. 😮 HP[-4]
You take 4 damage, and now have 25/37 hp.
You bump into the rock wall.
The orc hits you but does no damage. Something hits you but does no damage.
You bump into the rock wall.
Something hits you but does no damage. The orc closely misses you.
You bump into the rock wall.
You feel less confused. Something hits you.
The orc hits you but does no damage.
You barely miss the orc. You miss something.
Something hits you but does no damage. The orc barely misses you.
You barely miss the orc. You hit something.
You hear some strange, mumbled words.
A magic dart appears from out of thin air!
The magic dart hits you. The orc hits you with a +0 club.
Something hits you. 😮 HP[-4]
You take 4 damage, and now have 21/37 hp.
You hit the orc.
You kill the orc!
You closely miss something. You block something's attack.
Something hits you but does no damage.
Things that are here:
a +0 club {mace}; an orc corpse Something completely misses you.
Things that are here:
a +0 flail {mace}; a +0 ring mail; an orc corpse Something completely misses you. 😮 HP[+1]
Something hits you. 😮 HP[-3]
You take 3 damage, and now have 19/37 hp.
You hear some strange, mumbled words.
A puff of flame appears from out of thin air!
The puff of flame hits you!
* * * LOW HITPOINT WARNING * * *
😱 HP[-10]
You take 10 damage, and now have 9/37 hp.
MASSIVE DAMAGE!! (PAUSE)
You closely miss something. Something hits you but does no damage.
You closely miss something.
Something hits you but does no damage. x2
You closely miss something. Something hits you but does no damage.
You miss something. Something hits you but does no damage.
You hear some strange, mumbled words.
A magic dart appears from out of thin air!
The magic dart hits you.
* * * LOW HITPOINT WARNING * * *
😱 HP[-5]
You take 5 damage, and now have 4/37 hp.
You hit something.
You hear some strange, mumbled words.
A puff of flame appears from out of thin air!
The puff of flame hits you!
You die...

Skill      XL: |  1  2 |
---------------+-------+-----
Axes           | 2 |  2.6
Armour         | 3 |  3.3
Shields        | 3 |  3.3
Fighting       | |  3.7

Action                   |  1- 3 |  4- 6 || total
-------------------------+-------+-------++-------
Melee: War axe           |    99 |    52 ||   151
Armor: Scale mail        |    58 |    42 ||   100
Dodge: Dodged            |    51 |    29 ||    80
Block: Buckler           |    26 |     7 ||    33

Levels and vault maps discovered:
D:1:      dpeg_arrival_simpleton_c, layout_loops_ring
D:2:      layout_basic, hellmonk_ecumenical_altar_blasted, minmay_octomino_j4
D:3:      layout_loops_ring

Notes
Turn   | Place    | Note
-------+----------+-------------------------------------------
     0 | D:1      | GrayStillPlays the Demonspawn Fighter began the quest for
                  | the Orb.
     0 | D:1      | Reached XP level 1. HP: 18/18 MP: 1/1
     0 | D:1      | magus.rc [v1.9.6]
   461 | D:1      | Reached skill level 2 in Axes
   461 | D:1      | Gained mutation: You are partially covered in molten
                  | scales. (AC +2) [demonic ancestry]
   461 | D:1      | Reached XP level 2. HP: 17/24 MP: 2/2
   463 | D:1      | You pick up a book of Geomancy and begin reading...
   463 | D:1      | You add the spells Sandblast, Passwall and Stone Arrow to
                  | your library.
   923 | D:2      | Reached skill level 3 in Armour
   923 | D:2      | Reached skill level 3 in Shields
   951 | D:2      | Reached XP level 3. HP: 29/29 MP: 3/3
   975 | D:2      | You pick up a book of Burglary and begin reading...
   975 | D:2      | You add the spells Ensorcelled Hibernation and Swiftness to
                  | your library.
  1215 | D:2      | Found a faded altar of an unknown god.
  1309 | D:2      | Gained mutation: You are mostly covered in molten scales.
                  | (AC +3) [demonic ancestry]
  1309 | D:2      | Reached XP level 4. HP: 25/35 MP: 4/4
  1885 | D:3      | HP: 9/37 [something/puff of flame (10)]
  1889 | D:3      | HP: 4/37 [something/magic dart (6)]
  1890 | D:3      | Killed from afar by an orc wizard

Vanquished Creatures
  6 adders (D:2)
  A worm (D:2)
  2 orcs (D:3)
  3 endoplasms
  2 giant cockroaches
  2 goblins (D:2)
  5 hobgoblins
  A quokka (D:2)
  4 ball pythons
  6 bats
  3 frilled lizards
  6 kobolds
  8 rats
49 creatures vanquished.

Table legend:
 A = Non-vault XP
 B = Vault XP
 C = Vault XP percentage of total XP
 D = Non-vault monster count
 E = Vault monster count
 F = Vault count percentage of total count
                 A         B        C        D         E       F
            +---------+---------+-------+---------+---------+-------
      Total |     137 |      14 |   9.3 |      47 |       2 |   4.1
            +---------+---------+-------+---------+---------+-------
        D:1 |      25 |       0 |   0.0 |      18 |       0 |   0.0
        D:2 |     104 |      14 |  11.9 |      25 |       2 |   7.4
        D:3 |       8 |       0 |   0.0 |       4 |       0 |   0.0
            +---------+---------+-------+---------+---------+-------

Illustrated notes

Table legend:
 A = Kills in this place as a percentage of kills in entire the game.
 B = Kills by you in this place as a percentage of kills by you in the entire game.
 C = Kills by friends in this place as a percentage of kills by friends in the entire game.
 D = Other kills in this place as a percentage of other kills in the entire game.
 E = Experience gained in this place as a percentage of experience gained in the entire game.
 F = Experience gained in this place divided by the number of levels of this place that you have seen.
                   A       B       C       D       E      F
               +-------+-------+-------+-------+-------+----------------------
         Total | 100.0 | 100.0 |   N/A |   N/A | 100.0 |  50.3
       Dungeon | 100.0 | 100.0 |   N/A |   N/A | 100.0 |  50.3
               +-------+-------+-------+-------+-------+----------------------

Table legend: (Time is in decaauts)
 A = Elapsed time spent in this place.
 B = Non-inter-level travel time spent in this place.
 C = Inter-level travel time spent in this place.
 D = Time resting spent in this place.
 E = Time spent auto-exploring this place.
 F = Levels seen in this place.
 G = Mean time per level.
                   A        B        C        D        E       F      G
               +--------+--------+--------+--------+--------+-----+--------+
         Total |   1953 |   1909 |     44 |      0 |   1539 |   3 |  651.0 |
       Dungeon |   1953 |   1909 |     44 |      0 |   1539 |   3 |  651.0 |
               +--------+--------+--------+--------+--------+-----+--------+

Top non-repeatable levels by time:
     D:1: 933 daAuts
     D:2: 925 daAuts
     D:3: 94 daAuts
